Cogmind - Beta 16 @@@ ROGUE MODE // 2026.01.01 @ 06:27:27 Player: LYMPH NODE JONES Result: Destroyed by 9I-S6I(R) with Subdweller Laser Performance ------------- Evolutions (0) 0 Regions Visited (3) 600 Robots Destroyed (17) 85 Value Destroyed (306) 306 Prototype IDs (0) 0 Alien Tech Used (0) 0 Bonus (0) 0 TOTAL SCORE: 991 Bonus ------- None Cogmind --------- Core Integrity 0/250 Matter 265/300 Energy 7/100 System Corruption 1% Temperature Cool (6) Movement Core (50) Location -10/Subcaves Parts ------- > --- POWER (1) -------- (None) > --- PROPULSION (2) --- (None) > --- UTILITY (2) ------ Machine Analyzer Recalibrator > --- WEAPON (2) ------- (None) > --- INVENTORY (5) ---- (None) Peak State ------------ > --- POWER ------------ Ion Engine > --- PROPULSION ------- Aluminum Leg Aluminum Leg > --- UTILITY ---------- Improved Heat Sink Small Storage Unit > --- WEAPON ----------- Particle Gun Particle Gun > --- INVENTORY -------- Aluminum Leg Scrap Suit Machine Analyzer Signal Interpreter Recalibrator Mining Laser [Rating: 12] Favorites ----------- Power Ion Engine Engine Ion Engine Propulsion Aluminum Leg Leg Aluminum Leg Utility Small Storage Unit Device Improved Heat Sink Storage Small Storage Unit Processor Machine Analyzer Protection Light Armor Plating Weapon Assault Rifle Energy Gun Particle Gun Ballistic Gun Assault Rifle Special Weapon Mining Laser Build | -11 -10 -10 -10 ------- Run | Yrd Mat Min Sub Slots Evolved . | . . . . Power . | . . . . Propulsion . | . . . . Utility . | . . . . Weapon . | . . . . Parts Attached 30 | 6 11 9 4 Power 4 | 1 2 1 . Engine 4 | 1 2 1 . Core . | . . . . Reactor . | . . . . Propulsion 6 | 2 3 1 . Treads . | . . . . Leg 6 | 2 3 1 . Wheel . | . . . . Hover . | . . . . Flight . | . . . . Utility 10 | 1 2 4 3 Device 3 | . . 1 2 Storage 2 | 1 . 1 . Processor 2 | . . 1 1 Hackware . | . . . . Protection 3 | . 2 1 . Artifact . | . . . . Weapon 10 | 2 4 3 1 Energy Gun 4 | 2 1 1 . Energy Cannon . | . . . . Ballistic Gun 4 | . 3 1 . Ballistic Cannon . | . . . . Launcher . | . . . . Special Weapon 2 | . . 1 1 Impact Weapon . | . . . . Slashing Weapon . | . . . . Piercing Weapon . | . . . . Special Melee Weapon . | . . . . Unidentified Prototypes . | . . . . Parts Lost 6 | . . 4 2 Power 1 | . . . 1 Propulsion 2 | . . 2 . Utility . | . . . . Weapon 3 | . . 2 1 Highest Loss Streak 4 | . . 4 2 To Critical Strikes . | . . . . Average Backups 5 | . 5 6 . Power . | . 1 . . Propulsion . | . . . . Utility 3 | . 3 3 . Weapon 1 | . 1 1 . Tool/Special . | . . . . Unused Backups 4 | . 1 3 . Power 1 | . . 1 . Propulsion . | . . . . Utility 3 | . 1 2 . Weapon . | . . . . Tool/Special . | . . . . Average Slot Usage (%) 95 | . 98 95 53 Engine 14 | . 14 14 14 Leg 26 | . 27 26 . Device 1 | . . 2 14 Storage 13 | . 14 13 . Protection 11 | . 12 10 . Energy Gun 11 | . 16 4 . Ballistic Gun 14 | . 11 20 . Peak Build Rating 12 | 6 9 12 9 Average Rating 8 | 4 7 8 8 On Entrance 4 | . 6 8 2 Avg Prop Armor Cover (%) . | . . . . Naked Turns . | . . . . Heaviest Build 91 | 13 18 91 5 Greatest Support 20 | 20 20 20 3 Greatest Overweight (x) 4 | . 1 4 1 Average Overweight (x) . | . . . . Largest Inventory Capacity 25 | 8 8 25 5 Average Capacity 7 | 6 8 8 5 Most Carried 8 | 2 8 8 3 Average Carried 6 | 1 5 7 . Final Capacity 8 | 8 8 5 5 Final Carried 8 | 2 8 5 . Scrap Suit Usage (%) 1 | . . . 1 Class Distribution -------------------- 81% | Mutant 18% | Scavenger-Mutant Dominant Class ---------------- Mutant | -10/Materials Mutant | -10/Mines Mutant | -10/Subcaves Resources | -11 -10 -10 -10 ----------- Run | Yrd Mat Min Sub Matter Collected 593 | 181 297 115 . Remotely . | . . . . Salvage Created 397 | . 330 67 . Parts 35 | . 26 9 . Haulers Intercepted . | . . . . Recyclers Shooed . | . . . . Parts Field Recycled . | . . . . Retrieved Matter . | . . . . Parts Self-Destructed 2 | . . . 2 Prevented . | . . . . Parts Restored . | . . . . Kills | -11 -10 -10 -10 ------- Run | Yrd Mat Min Sub Combat Hostiles Destroyed 16 | . 11 5 . Guns 15 | . 10 5 . Classes Destroyed 3 | . 3 . . Mechanic 1 | . 1 . . Swarmer 11 | . 6 5 . Grunt 5 | . 5 . . Best Kill Streak 3 | . 3 3 . Combat Bots Only 3 | . 3 3 . Max Kills in Single Turn 2 | . 1 2 . Gunslinging 1 | . . 1 . Exploded . | . . . . Melee . | . . . . Uniques/NPCs Destroyed . | . . . . Combat | -11 -10 -10 -10 -------- Run | Yrd Mat Min Sub Hostile Shots Fired 88 | . 46 33 9 Missed 19 | . 11 4 4 Hits 69 | . 35 29 5 Projectile 69 | . 35 29 5 AOE 12 | . . 12 . Damage Taken 1008 | . 331 575 102 Core 256 | . 46 187 23 Absorbed by Shields . | . . . . Regen/Repaired (Parts) 41 | . 41 . . Core Remaining (%) 100 | 100 . . . Volleys Fired 50 | . 34 16 . Largest 2 | . 2 2 . Hottest 130 | . 90 130 . Shots Fired 92 | . 68 24 . Gun 84 | . 68 16 . Cannon . | . . . . Launcher . | . . . . Special 8 | . . 8 . Kinetic 31 | . 30 1 . Thermal 61 | . 38 23 . Explosive . | . . . . Electromagnetic . | . . . . Robot Hit Streak 10 | . 10 2 . Robot Miss Streak 5 | . 5 2 . Penetration Max . | . . . . Secondary Targets 3 | . 1 2 . Max Gunslinging Chain 1 | . 1 1 . Shots Hit Robots 47 | . 39 8 . Core Hits 23 | . 18 5 . Critical Kills . | . . . . Critical Parts Destroyed . | . . . . Critical Strikes 3 | . 3 . . Burn 3 | . 3 . . Melee Attacks . | . . . . Impact . | . . . . Slashing . | . . . . Piercing . | . . . . Sneak Attacks . | . . . . Combat Hostiles . | . . . . Follow-up Attacks . | . . . . Damage Inflicted 630 | . 503 127 . Guns 630 | . 503 127 . Cannons . | . . . . Explosions . | . . . . Melee . | . . . . Ramming . | . . . . Kinetic 209 | . 209 . . Thermal 421 | . 294 127 . Explosive . | . . . . Electromagnetic . | . . . . Impact . | . . . . Slashing . | . . . . Piercing . | . . . . Highest Corruption 1 | . 1 1 1 Average Corruption 1 | . 1 1 1 Corruption Purged . | . . . . Corruption Blocked . | . . . . Effects 6 | . 3 3 . Matter Fused 2 | . 1 1 . Heat Flow Errors 2 | . 1 1 . Data Loss (minor) 2 | . 1 1 . Overload Shots . | . . . . Overflow Damage . | . . . . Projectiles . | . . . . Explosions . | . . . . Melee . | . . . . Knockbacks . | . . . . Impact . | . . . . Kinetic . | . . . . Secondary . | . . . . Self-Inflicted Damage . | . . . . Shots . | . . . . Rammed . | . . . . Targets Rammed . | . . . . Kicked . | . . . . Crushed . | . . . . Highest Temperature 244 | . 244 117 . Average Temperature 60 | . 65 50 . Received Heat Transfer 129 | . 99 . 30 Siege Activations . | . . . . Martial Activations . | . . . . Shielding Activations . | . . . . Robots Disrupted . | . . . . Combat Hostiles . | . . . . Robots Corrupted . | . . . . Combat Hostiles . | . . . . Parts Fried . | . . . . Impact Corruptions . | . . . . Robots Melted 1 | . 1 . . Combat Hostiles 1 | . 1 . . Parts Melted 5 | . 5 . . Heat Transferred 1212 | . 916 296 . Parts Sabotaged . | . . . . Parts Stolen . | . . . . Parts Stripped . | . . . . Power Chain Reactions . | . . . . Alert | -11 -10 -10 -10 ------- Run | Yrd Mat Min Sub Maximum Alert Level . | . . . . Low Security (%) 100 | 100 100 100 . Level 1 . | . . . . Level 2 . | . . . . Level 3 . | . . . . Level 4 . | . . . . Level 5 . | . . . . High Security . | . . . . Max Security . | . . . . Peak Influence 111 | . 111 104 . Initial 18 | . . 18 . Average 28 | . 39 13 . Influence Increases 424 | . 299 125 . Destroy 0b10 Robot/C 320 | . 220 100 . Destroy 0b10 Robot/NC 5 | . 5 . . Destroy Leader 60 | . 40 20 . Successful Hack 4 | . 4 . . Destroy Structure 5 | . . 5 . Lose Combat Pursuer 30 | . 30 . . Influence Decreases 424 | . 252 156 16 Entered New Map 38 | . . 29 9 Time Decay 346 | . 252 87 7 Lost Part 40 | . . 40 . Squads Dispatched 1 | . 1 . . Investigation 1 | . 1 . . Extermination . | . . . . Reinforcement . | . . . . Assault . | . . . . Garrison . | . . . . Intercept . | . . . . Searches Triggered . | . . . . Construction Impeded . | . . . . Haulers Reinforced . | . . . . Active Scanning Responses . | . . . . Cargo Convoy Interrupts . | . . . . Stealth | -11 -10 -10 -10 --------- Run | Yrd Mat Min Sub Distress Signals 4 | . 4 . . Communications Jammed . | . . . . Distress Signals . | . . . . Times Spotted 38 | . 27 10 1 Peak Tracking Total 5 | . 5 3 1 Tactical Retreats 1 | . 1 . . Traps | -11 -10 -10 -10 ------- Run | Yrd Mat Min Sub Traps Triggered 1 | . 1 . . Indirectly . | . . . . Trap Hack Attempts . | . . . . Triggered . | . . . . Disarmed . | . . . . Reprogrammed . | . . . . Reused . | . . . . Traps Extracted . | . . . . Installed . | . . . . Triggered . | . . . . Machines | -11 -10 -10 -10 ---------- Run | Yrd Mat Min Sub Machines Disabled . | . . . . Max in Single Turn . | . . . . Machines Repaired . | . . . . Machines Dismantled . | . . . . Machines Sabotaged . | . . . . Overloaded Fab Kills . | . . . . Hacking | -11 -10 -10 -10 --------- Run | Yrd Mat Min Sub Machines Accessed 6 | . 5 1 . Terminals 4 | . 4 . . Fabricators . | . . . . Repair Stations 1 | . 1 . . Recycling Units . | . . . . Scanalyzers . | . . . . Garrison Access . | . . . . Total Hacks 12 | . 11 1 . Successful 9 | . 8 1 . Failed 3 | . 3 . . Catastrophic . | . . . . Database Lockouts . | . . . . Manual . | . . . . Terminals 7 | . 7 . . Fabricators . | . . . . Repair Stations 4 | . 4 . . Recycling Units . | . . . . Scanalyzers . | . . . . Garrison Access . | . . . . Terminal Hacks 6 | . 5 1 . Record 3 | . 3 . . Open Door 1 | . . 1 . Locate Traps 2 | . 2 . . Fabricator Hacks . | . . . . Repair Station Hacks 3 | . 3 . . Scan Component 2 | . 2 . . Repair 1 | . 1 . . Recycling Unit Hacks . | . . . . Scanalyzer . | . . . . Garrison Access Hacks . | . . . . Unauthorized Hacks . | . . . . Terminals . | . . . . Fabricators . | . . . . Repair Stations . | . . . . Recycling Units . | . . . . Scanalyzers . | . . . . Garrison Access . | . . . . Data Cores Recovered . | . . . . Used . | . . . . Hacking Detections 3 | . 3 . . Full Trace Events 1 | . 1 . . Feedback Events . | . . . . Feedback Blocked . | . . . . Robot Schematics Acquired . | . . . . Robots Built . | . . . . Authchips . | . . . . Time . | . . . . Total Robot Build Rating . | . . . . Part Schematics Acquired . | . . . . Parts Built . | . . . . Authchips . | . . . . Time . | . . . . Total Part Build Rating . | . . . . Part Studies Acquired . | . . . . Parts Repaired 1 | . 1 . . Time 26 | . 26 . . Parts Recycled . | . . . . Recycled Matter . | . . . . Retrieved Matter . | . . . . Retrieved Components . | . . . . Parts Scanalyzed . | . . . . Part Schematics Acquired . | . . . . Parts Damaged . | . . . . Bothacking | -11 -10 -10 -10 ------------ Run | Yrd Mat Min Sub Used RIF Installer . | . . . . Robots Hacked . | . . . . Non-combat . | . . . . Combat . | . . . . Robot Hacks Applied . | . . . . Relay Couplers Released . | . . . . Fabnet Peak Effective % . | . . . . Robots Rewired . | . . . . Allies Hacked . | . . . . Hacks Repelled . | . . . . Allies | -11 -10 -10 -10 -------- Run | Yrd Mat Min Sub Total Allies 1 | . . 1 . Largest Group 1 | . . 1 . Highest-Rated Group 31 | . . 31 . Highest-Rated Ally 31 | . . 31 . Total Orders . | . . . . Ally Attacks . | . . . . Total Damage . | . . . . Kills . | . . . . Allies Corrupted . | . . . . Allies Melted . | . . . . Intel | -11 -10 -10 -10 ------- Run | Yrd Mat Min Sub Active Infowar (turns) 79 | . . . 79 Machine Analysis 79 | . . . 79 Robot Analysis Total . | . . . . Derelict Logs Recovered 1 | . . 1 . Drone Launches . | . . . . Drone Recoveries . | . . . . Exploration | -11 -10 -10 -10 ------------- Run | Yrd Mat Min Sub Turns Passed 2285 | 63 1279 862 81 Spaces Moved 1495 | 49 782 596 68 Core 146 | 8 . 70 68 Treads . | . . . . Legs 1349 | 41 782 526 . Wheels . | . . . . Hover . | . . . . Flight . | . . . . Fastest Speed 50 | 50 120 50 50 Average Speed 116 | 108 120 113 97 Slowest Speed 400 | 120 190 400 100 Overloaded Moves . | . . . . Propulsion Burnouts . | . . . . Robots Hopped . | . . . . Potential Cave-ins . | . . . . Cave-ins Triggered . | . . . . Exploration Rate (%) 44 | 3 78 88 8 Regions Visited 3 Branch Regions 2 Pre-discovered Areas 1 | . . 1 . Known Exits Taken . | . . . . Unknown Exits Taken 3 | 1 1 1 . Scrap Searched 2 | . . 2 . Spaces Dug 7 | . . 7 . Terrain Destroyed 7 | . . 7 . Melee . | . . . . Projectile 7 | . . 7 . AOE . | . . . . Terrain Rammed . | . . . . Walls Destroyed . | . . . . Machines Disabled . | . . . . Actions | -11 -10 -10 -10 --------- Run | Yrd Mat Min Sub Total 1937 | 56 1053 745 83 Wait 314 | . 207 97 10 Move 1492 | 48 781 595 68 Hop . | . . . . Pick Up 18 | 2 8 8 . Fast Attach 20 | 6 9 5 . Attach 10 | . 2 4 4 Detach 1 | . 1 . . Swap 4 | . 1 3 . Drop 28 | . 10 17 1 Fire 50 | . 34 16 . Melee . | . . . . Ram . | . . . . Kick . | . . . . Crush . | . . . . Escape Stasis . | . . . . Rewire . | . . . . Trap . | . . . . Miscellaneous . | . . . . Route ------- -11/Scrapyard -10/Materials (discovered 3 exits: [*Mat x2] / *Min) -10/Mines (discovered 3 exits: [*Mat x2] / [*Sub]) -10/Subcaves History --------- Turn | Location | Event 4 | -11/Scrapyard | Discovered new exit (range 15) 64 | -11/Scrapyard | Entered Materials 311 | -10/Materials | Build established: Mutant 478 | -10/Materials | Discovered new exit (range 16) 564 | -10/Materials | Derelicts attacked the area 738 | -10/Materials | Discovered new exit (range 11) 908 | -10/Materials | Discovered new exit (range 13) 1001 | -10/Materials | Repaired Aluminum Leg 1343 | -10/Materials | Entered Mines 1347 | -10/Mines | Found the Drone Emporium 1359 | -10/Mines | Found Prototype Device 1397 | -10/Mines | Met a Derelict bent on vengeance 1495 | -10/Mines | Found a Scrap Suit stashed away for nefarious purposes 1499 | -10/Mines | Found Scrap Suit 1557 | -10/Mines | Discovered new exit (range 6) 1611 | -10/Mines | Received a Mining Laser from a helpful Derelict 1677 | -10/Mines | Found a hidden stash of uninstalled traps 1746 | -10/Mines | Discovered new exit (range 7) 2099 | -10/Mines | Discovered new exit (range 8) 2139 | -10/Mines | Assembled infested the area 2159 | -10/Mines | Core integrity fell below 50% 2164 | -10/Mines | Core integrity fell below 20% 2192 | -10/Mines | Lost 4 parts (2n2w) 2205 | -10/Mines | Entered Subcaves 2206 | -10/Subcaves | Approached by a straggling Scientist 2238 | -10/Subcaves | Disturbed a concealed Subdweller 2286 | -10/Subcaves | Destroyed by 9I-S6I(R) with Subdweller Laser Last Messages --------------- 02165_ The unstable cave ceiling collapses. 02168_ as-74423 destroyed. 02170_ The unstable cave ceiling collapses. LOCATION=UNKNOWN AMBIENT_HEAT=-10 GOAL=ESCAPE 02206_ DG-4CD(c): "Thank the algorithms! I was beginning to lose hope I'd never make it past all the Subs lurking out here." 02206_ Discarded Scrap Suit. 02209_ DG-4CD(c): "Hey, let me tag along and I can get us both out of this nasty situation. At least I think I can... The group I got separated from was talking about a shortcut back to the UFD." 02238_ 9I-S6I(R) angrily emerges from the Twisted Machinery. 02244_ DG-4CD(c) destroyed. 02280_ Mining Laser destroyed. 02284_ Lgt. Ion Engine destroyed. Map ----- +----------------------------------------------------+ | | | | | | | | | | | | | ?????????????????????????????????????????????????? | | ?????????????????????????????????????????????????? | | ?????????????????????????????????????????????????? | | ?????????????????????????????????????????????????? | | ?????????????????????????????????????????????????? | | ?????????????????????????????????????????????????? | | ?????????????????????????????????????????????????? | | ?????????????????????????????????????????????????? | | ?????????????????????????????????????????????????? | | ?????????????????????????????????????????????????? | | ?????????????????????????????????????????????????? | | ?????????????????????????????????????????????????? | | ?????????????????????????????????????????????????? | | ?????????????????????????????????????????????????? | | ???????????????????????????####??????????????????? | | ??????????????????????????## ####???????????????? | | ???????????????????????#### ##??????????????? | | ???????????????????????# #??????????????? | | ??????????????????????## R #??????????????? | | ????????????????????### @ ### ##??????????????? | | ????????????????????# #?####???????????????? | | ???????????????###### ###??????????????????? | | ??????????????## ## ##?????????????????? | | ?????????????## #?????????????????? | | ????????????## #?????????????????? | | ????????????# ## ??????????? | | ????????????# ## #??????????? | | ???????????## ## #####??????????? | | ???????????# ### ##??????????????? | | ??????????## ### ### #???????????????? | | ??????????# ## % ####?? ##???????????????? | | ??????????# ##?????####????????????????? | | ??????????# #??????????????????????????? | | ??????????## #??????????????????????????? | | ??????????## #??????????????????????????? | | ???##??#### ##?????????????????????????? | | ???# $?# ##????????????????????????? | | ???#$ "##" ## ##?????##?????###????????? | | ????# & # ##### ####?? #????# ???????? | | ???# #$#" # #???### #?? ##??# ???????? | | ???#??### ##????## ##?# #?# ??????? | | ????????### #?????# # ##?? ## ???????? | | ??????????# #????## ##??? ????????? | | ?????????# #???# ##?? #??????????? | +----------------------------------------------------+ Best States ------------- Heat Dissipation 39 Energy Generation 10 Energy Capacity 250 Matter Stores 300 Matter Capacity 300 Sight Range 16 Terrain Scan Density 10 Armor Coverage 150 Evasion (%) 55 Item Schematics ----------------- None Robot Schematics ------------------ None Fabricated ------------ Nothing Repaired ---------- Aluminum Leg | 54% | -10/Materials Studied --------- None Alien Tech Used ----------------- None Achievements -------------- I Have A Map? Challenges ------------ None Game ------ Seed CompanionBlastBrace Manual? 0 Play Time 00:37:07 Cumulative 5.8 hours Start 2026.01.01 @ 05:41:55 End 2026.01.01 @ 06:27:27 Sessions 1 Manual Loads 0 Difficulty Rogue Special Mode None Game No. 16 Rogue 16 Adventurer 0 Explorer 0 Win Type - Total 0 Types 0/0/0/0/0/0/0/0/0/0 Lore% 1 Gallery% 7 Achievement% 9 Wizard Run 0 Options --------- Layout 1 ASCII 0 Keyboard 0 Movement Arrows Keybinds 0 Fullscreen 1 Font 16/SmallcapsGlow Map View 50x40 Zoom Use 0% Tactical HUD 1 Map Filters NONE Filters NONE Steam SD RUN: 7b4bd8c7-fceb-4635-8141-cb54d7eabb3d